 Dungeon Crawl Stone Soup version 0.29.0-15-g675c0067aa (webtiles) character file.

Game seed: 17139463972233031078

1619 qw the Cleaver (level 8, -2/70 HPs)
             Began as a Minotaur Berserker on Sept 12, 2022.
             Was a Priest of Trog.
             Slain by a cyclops (24 damage)
             ... on level 6 of the Dungeon.
             The game lasted 00:01:40 (5027 turns).

qw the Cleaver (Minotaur Berserker)                 Turns: 5027, Time: 00:01:40

Health: -2/70      AC: 12    Str: 24    XL:     8   Next: 64%
Magic:  7/7        EV:  8    Int:  8    God:    Trog [***...]
Gold:   312        SH:  0    Dex: 10    Spells: 7/7 levels left

rFire   . . .      SeeInvis +   Y - +0 war axe
rCold   . . .      Faith    .   (no shield)
rNeg    . . .      Spirit   .   q - +0 chain mail "Guur" {rPois Int+4}
rPois   +          Reflect  .   (helmet restricted)
rElec   .          Harm     .   l - +0 cloak
rCorr   .          Rampage  .   (no gloves)
Will    .....                   d - +0 pair of boots
Stlth   ..........              (no amulet)
HPRegen 0.21/turn               e - ring of see invisible
MPRegen 0.10/turn               (no ring)

@: on berserk cooldown, slowed, very slow
A: horns 2, retaliatory headbutt
a: Renounce Religion, Berserk, Trog's Hand


You were on level 6 of the Dungeon.
You worshipped Trog.
Trog was most pleased with you.
You visited 1 branch of the dungeon, and saw 7 of its levels.

You collected 312 gold pieces.


Innate Abilities, Weirdness & Mutations

You have a pair of horns on your head.
You reflexively headbutt those who attack you in melee.


   Skills:
 - Level 6.1 Fighting
 + Level 11.6 Axes
 - Level 1.5 Throwing
 - Level 4.9 Armour
 - Level 2.1 Dodging


You had 7 spell levels left.
You didn't know any spells.
Your spell library was empty.

Inventory:

Hand Weapons
 n - a +0 flail
 Y - a +0 war axe (weapon)
Missiles
 o - a boomerang (quivered)
Armour
 d - a +0 pair of boots (worn)
 l - a +0 cloak (worn)
 q - the +0 chain mail "Guur" (worn) {rPois Int+4}
   (You found it on level 5 of the Dungeon)

   Int:       It affects your intelligence (+4).
   rPois:     It protects you from poison.
Jewellery
 c - a ring of see invisible
 e - a ring of see invisible (left hand)
 f - a ring of poison resistance
Scrolls
 h - 3 scrolls of identify
 i - 7 scrolls of teleportation
Potions
 a - 2 potions of curing
 b - a potion of might
 g - 2 potions of flight {unknown}
 j - a potion of invisibility {unknown}
 k - a potion of haste {unknown}
 m - a potion of degeneration {unknown}
 p - a potion of lignification {unknown}

Dungeon Overview and Level Annotations

Branches:
Dungeon (7/15)             Temple (0/1) D:4

Altars:
Elyvilon
Qazlal

Annotations:
D:4 1 runed translucent door, Crazy Yiuf


Message History

You closely miss the acid dragon. Your headbutt misses the acid dragon.
The acid dragon is almost dead.
The acid dragon closely misses you.
The acid dragon claws you but does no damage.
You hit the acid dragon.
The acid dragon is almost dead.
The acid dragon bites you but does no damage.
The acid dragon claws you but does no damage.
You barely miss the acid dragon.
The acid dragon is almost dead.
You hit the acid dragon but do no damage.
The acid dragon is almost dead.
The acid dragon bites you. The acid dragon claws you.
5016 ||| INVOKING Berserk.
A red film seems to cover your vision as you go berserk!
You feel yourself moving faster!
You feel mighty! The acid dragon spits acid at you.
The splash of acid hits you!!
You barely miss the acid dragon. Your headbutt misses the acid dragon.
The acid dragon is almost dead.
The acid dragon bites you.
The acid dragon claws you but does no damage.
You slice the acid dragon!!
You kill the acid dragon!
Trog accepts your kill.
You start resting.
You feel a strong urge to attack something.
You feel your anger nearly subside.
You are no longer berserk.
You are exhausted.
You feel yourself slow down.
A cyclops comes into view.
Throw: boomerang
Press: ? - help, Q - select action Shift-Dir - straight line, f - cyclops You throw a boomerang.
The boomerang hits the cyclops.
The cyclops is lightly wounded.
You slash the cyclops!
The cyclops is moderately wounded.
The cyclops hits you!!
You die...

#### #.. ###..### #..
##......######## #..
##......)(......## #..
##................##
#..
#.............##...##
#..
#...####.....####...##
#.. #...# ##....#
##...## #.. #..##
##@..# ###..###.. ####
##C.# ##..##.. #..#
#..#### #..# #..####
...# ##....## ..##
##......# .#
##.......# ..
#........# #.......##


You could see a cyclops.

Vanquished Creatures
  Eustachio (D:4)
  Menkaure (D:6)
  Edmund (D:5)
  An acid dragon (D:6)
  A water moccasin (D:5)
  A black bear (D:4)
  A centaur (D:7)
  3 necrophages
  3 scorpions (D:6)
  2 killer bees (D:7)
  3 hounds
  Ijyb (D:4)
  An iguana (D:6)
  3 orc wizards (D:7)
  9 adders
  A white imp (D:7)
  4 worms
  4 dart slugs
  20 orcs
  3 ball pythons
  4 bats
  6 endoplasms
  3 giant cockroaches
  9 goblins
  8 hobgoblins
  3 jackals (D:1)
  7 quokkas
  3 frilled lizards
  3 kobolds
  5 rats
115 creatures vanquished.

Vanquished Creatures (others)
  2 demonic plants (D:3)
  A fungus (D:4)
3 creatures vanquished.

Grand Total: 118 creatures vanquished

Notes
Turn   | Place    | Note
-------+----------+-------------------------------------------
     0 | D:1      | qw the Minotaur Berserker began the quest for the Orb.
     0 | D:1      | Reached XP level 1. HP: 19/19 MP: 0/0
     0 | D:1      | 0 ||| qw: Version: 0.1-a-119-g272c26d
     0 | D:1      | 0 ||| qw: Game counter: 10983
     0 | D:1      | 0 ||| qw: Always use a shield: true
     0 | D:1      | 0 ||| qw: Do Orc after D:15 true
     0 | D:1      | 0 ||| qw: Do second Lair branch before Depths: true
     0 | D:1      | 0 ||| qw: Lair rune preference: random
     0 | D:1      | 0 ||| qw: Plans: Normal
     0 | D:1      | 0 ||| PLANNING D:1-11
    45 | D:1      | Reached skill level 4 in Axes
   139 | D:1      | 139 ||| Stepping ~*~*~tactically~*~*~ (stealth).
   146 | D:1      | Reached XP level 2. HP: 21/26 MP: 1/1
   281 | D:1      | 281 ||| INVOKING Berserk.
   544 | D:1      | 544 ||| Stepping ~*~*~tactically~*~*~ (stealth).
   563 | D:1      | 563 ||| Stepping ~*~*~tactically~*~*~ (stealth).
   572 | D:1      | Reached skill level 5 in Axes
   765 | D:1      | 765 ||| Stepping ~*~*~tactically~*~*~ (hiding).
   867 | D:1      | 867 ||| Stepping ~*~*~tactically~*~*~ (hiding).
   969 | D:1      | 969 ||| Stepping ~*~*~tactically~*~*~ (hiding).
   979 | D:1      | Reached XP level 3. HP: 31/31 MP: 2/2
   985 | D:1      | 985 ||| UPGRADING to +0 scale mail.
   995 | D:1      | 995 ||| DROPPING +0 animal skin.
   996 | D:1      | 996 ||| UPGRADING to +0 pair of boots.
  1001 | D:1      | 1001 ||| DROPPING amulet of magic regeneration.
  1002 | D:1      | 1002 ||| READING scroll labelled REPPAA JAOHE.
  1003 | D:1      | 1003 ||| READING scroll labelled HUAR ISHRIREGH.
  1104 | D:1      | 1104 ||| READING scroll labelled UCLIMMIVOC.
  1105 | D:1      | 1105 ||| READING 2 scrolls labelled MOB SENWIEMP.
  1125 | D:2      | 1125 ||| Stepping ~*~*~tactically~*~*~ (hiding).
  1146 | D:2      | 1146 ||| INVOKING Berserk.
  1155 | D:2      | 1155 ||| FLEEEEING.
  1161 | D:2      | 1161 ||| STAIRDANCE
  1276 | D:2      | 1276 ||| Stepping ~*~*~tactically~*~*~ (stealth).
  1325 | D:2      | 1325 ||| DROPPING +0 club.
  1333 | D:2      | 1333 ||| SWAPPING to +0 war axe.
  1336 | D:2      | 1336 ||| DROPPING +0 hand axe.
  1343 | D:2      | 1343 ||| Stepping ~*~*~tactically~*~*~ (stealth).
  1344 | D:2      | 1344 ||| Stepping ~*~*~tactically~*~*~ (stealth).
  1388 | D:2      | Reached ** piety under Trog
  1527 | D:2      | Reached XP level 4. HP: 39/39 MP: 3/3
  1604 | D:2      | Reached skill level 6 in Axes
  1933 | D:3      | Found a faded altar of an unknown god.
  2267 | D:3      | 2267 ||| Stepping ~*~*~tactically~*~*~ (hiding).
  2380 | D:3      | 2380 ||| Stepping ~*~*~tactically~*~*~ (stealth).
  2397 | D:3      | Reached XP level 5. HP: 44/44 MP: 4/4
  2549 | D:3      | Reached skill level 7 in Axes
  2672 | D:3      | 2672 ||| Stepping ~*~*~tactically~*~*~ (stealth).
  2689 | D:3      | 2689 ||| UPGRADING to +0 cloak.
  2694 | D:3      | 2694 ||| READING scroll labelled DIBREETURA.
  2742 | D:4      | Found a stormy altar of Qazlal.
  2807 | D:4      | Noticed Eustachio
  2813 | D:4      | 2813 ||| Stepping ~*~*~tactically~*~*~ (stealth).
  2817 | D:4      | 2817 ||| Stepping ~*~*~tactically~*~*~ (stealth).
  2820 | D:4      | 2820 ||| INVOKING Berserk.
  2823 | D:4      | Killed Eustachio
  2824 | D:4      | Reached skill level 8 in Axes
  2824 | D:4      | Reached XP level 6. HP: 52/52 MP: 5/5
  2941 | D:4      | 2941 ||| INVOKING Berserk.
  2956 | D:4      | 2956 ||| Stepping ~*~*~tactically~*~*~ (stealth).
  2958 | D:4      | 2958 ||| Stepping ~*~*~tactically~*~*~ (stealth).
  2963 | D:4      | 2963 ||| Stepping ~*~*~tactically~*~*~ (stealth).
  2966 | D:4      | 2966 ||| Stepping ~*~*~tactically~*~*~ (stealth).
  3081 | D:4      | Found a white marble altar of Elyvilon.
  3133 | D:4      | 3133 ||| DROPPING +0 mace.
  3146 | D:4      | 3146 ||| Stepping ~*~*~tactically~*~*~ (stealth).
  3159 | D:4      | Found a staircase to the Ecumenical Temple.
  3217 | D:4      | 3217 ||| Stepping ~*~*~tactically~*~*~ (stealth).
  3262 | D:4      | Noticed Ijyb
  3265 | D:4      | 3265 ||| INVOKING Berserk.
  3271 | D:4      | Killed Ijyb
  3272 | D:4      | Reached skill level 9 in Axes
  3391 | D:4      | 3391 ||| Stepping ~*~*~tactically~*~*~ (stealth).
  3423 | D:4      | Found a runed translucent door.
  3424 | D:4      | Noticed Crazy Yiuf
  3552 | D:4      | 3552 ||| Stepping ~*~*~tactically~*~*~ (stealth).
  3799 | D:4      | 3799 ||| UPGRADING to ring of poison resistance.
  3800 | D:4      | 3800 ||| READING scroll labelled RANOMNEQEM.
  3801 | D:4      | 3801 ||| READING 2 scrolls labelled XEODDU SOMIUWN.
  3813 | D:5      | Entered Level 5 of the Dungeon
  3851 | D:5      | Reached XP level 7. HP: 61/61 MP: 6/6
  3869 | D:5      | Noticed Edmund
  3872 | D:5      | 3872 ||| INVOKING Berserk.
  3878 | D:5      | Killed Edmund
  4060 | D:5      | Reached skill level 10 in Axes
  4061 | D:5      | Reached skill level 1 in Throwing
  4200 | D:5      | Identified the +0 chain mail "Guur" {rPois Int+4}
  4230 | D:5      | You fall into a shaft and drop 2 floors!
  4236 | D:7      | Reached skill level 3 in Armour
  4237 | D:7      | 4237 ||| DRINKING 3 potions of curing.
  4237 | D:7      | 4237 ||| (to cure confusion)
  4242 | D:7      | Reached *** piety under Trog
  4286 | D:7      | Reached skill level 6 in Fighting
  4289 | D:7      | 4289 ||| Stepping ~*~*~tactically~*~*~ (stealth).
  4293 | D:7      | Reached XP level 8. HP: 52/70 MP: 7/7
  4411 | D:7      | 4411 ||| Stepping ~*~*~tactically~*~*~ (hiding).
  4471 | D:7      | 4471 ||| Stepping ~*~*~tactically~*~*~ (stealth).
  4475 | D:7      | 4475 ||| UPGRADING to +0 chain mail "Guur" {rPois Int+4}.
  4485 | D:7      | 4485 ||| REMOVING ring of poison resistance.
  4503 | D:7      | 4503 ||| DROPPING +0 scale mail.
  4504 | D:7      | 4504 ||| UPGRADING to ring of see invisible.
  4505 | D:7      | 4505 ||| DRINKING 2 emerald potions.
  4514 | D:6      | Noticed Menkaure
  4519 | D:6      | 4519 ||| INVOKING Berserk.
  4525 | D:6      | Killed Menkaure
  4726 | D:6      | Reached skill level 11 in Axes
  5000 | D:6      | 5000 ||| Stepping ~*~*~tactically~*~*~ (hiding).
  5016 | D:6      | 5016 ||| INVOKING Berserk.
  5024 | D:6      | Noticed a cyclops
  5027 | D:6      | Slain by a cyclops

Levels and vault maps discovered:
D:1:      minmay_arrival_radiant_lines, layout_rooms
D:2:      layout_loops_ring
D:3:      layout_loops_cross, chequers_ecumenical_altar_simple_redux,
          dreamdust_princess_corridor, columned_hall_lemuel,
          kennysheep_generic_room_7
D:4:      layout_basic, elyvilon_altar_3, nicolae_qazlal_general_emergency,
          minmay_temple_entry_statues_fountains, uniq_ijyb, uniq_eustachio,
          uniq_crazy_yiuf_cottage
D:5:      layout_basic, hangedman_decor_growths, minmay_misc_feat_four_crosses,
          kennysheep_opposing_triangles, uniq_edmund, uniq_blork_the_orc,
          uniq_pikel
D:6:      layout_layer_cave, uniq_menkaure
D:7:      layout_loops_ring, minivault_11, minmay_misc_feat_more_columns

Skill      XL: |  1  2  3  4  5  6  7  8 |
---------------+-------------------------+-----
Axes           | 4 5 6 8 9 10 11 | 11.6
Fighting       | 4 5 6 |  6.1
Throwing       | 1 |  1.5
Armour         | 3 4 |  4.9
Dodging        | |  2.1

Action                   |  1- 3 |  4- 6 |  7- 9 || total
-------------------------+-------+-------+-------++-------
Melee: Hand axe          |    54 |       |       ||    54
       Headbutt          |     7 |    15 |    12 ||    34
       War axe           |    16 |   101 |    82 ||   199
Throw: Boomerang         |       |    22 |    29 ||    51
Invok: Berserk           |     2 |     3 |     3 ||     8
  Use: Scroll            |     4 |     3 |       ||     7
       Potion            |       |       |     2 ||     2
Armor: Animal skin       |    12 |       |       ||    12
       Scale mail        |     9 |    35 |    17 ||    61
       Chain mail        |       |       |    18 ||    18
Dodge: Dodged            |    43 |    40 |    37 ||   120

Table legend:
 A = Non-vault XP
 B = Vault XP
 C = Vault XP percentage of total XP
 D = Non-vault monster count
 E = Vault monster count
 F = Vault count percentage of total count
                 A         B        C        D         E       F
            +---------+---------+-------+---------+---------+-------
      Total |    1703 |     611 |  26.4 |     110 |       5 |   4.3
            +---------+---------+-------+---------+---------+-------
        D:1 |      43 |       0 |   0.0 |      22 |       0 |   0.0
        D:2 |      61 |       0 |   0.0 |      19 |       0 |   0.0
        D:3 |      56 |      42 |  42.9 |      15 |       1 |   6.2
        D:4 |     273 |     221 |  44.7 |      23 |       2 |   8.0
        D:5 |     369 |     173 |  31.9 |       9 |       1 |  10.0
        D:6 |     454 |     175 |  27.8 |      11 |       1 |   8.3
        D:7 |     447 |       0 |   0.0 |      11 |       0 |   0.0
            +---------+---------+-------+---------+---------+-------
